 Dungeon Crawl Stone Soup version 0.29-a0-384-g6960b1960d (webtiles) character file.

Game seed: 12732841815405611204

207 siradein the Grave Robber (level 5, -2/36 HPs)
             Began as a Demonspawn Necromancer on May 6, 2022.
             Slain by a gnoll
             ... wielding a +0 flail
             ... led by a gnoll shaman
              (8 damage)
             ... on level 4 of the Dungeon.
             The game lasted 00:07:59 (4009 turns).

siradein the Grave Robber (Demonspawn Necromancer)  Turns: 4009, Time: 00:08:00

Health: -2/36      AC:  4    Str:  9    XL:     5   Next: 54%
Magic:  0/11       EV: 12    Int: 18    God:
Gold:   111        SH:  0    Dex: 13    Spells: 4/12 levels left

rFire   + . .      SeeInvis .   q - +1 short sword (speed)
rCold   . . .      Faith    .   (no shield)
rNeg    + . .      Spirit   .   o - +0 robe "Faesing" {rN+}
rPois   .          Reflect  .   h - +0 helmet
rElec   .          Harm     .   (no cloak)
rCorr   .          Rampage  .   (no gloves)
Will    .....                   (no boots)
Stlth   ++........              (no amulet)
HPRegen 0.12/turn               c - ring of protection from fire
MPRegen 0.12/turn               (no ring)

@: no status effects
A: hooves 1, rugged brown scales 1, spiny 1
a: no special abilities


You were on level 4 of the Dungeon.
You visited 1 branch of the dungeon, and saw 4 of its levels.

You collected 111 gold pieces.

Inventory:

Hand Weapons
 q - a +1 short sword of speed (weapon)
Armour
 h - a +0 helmet (worn)
 o - the +0 robe "Faesing" (worn) {rN+}
   (You found it on level 3 of the Dungeon)

   rN:        It protects you from negative energy.
Jewellery
 c - a ring of protection from fire (left hand)
Wands
 a - a wand of digging (7)
 p - a wand of paralysis (6)
Scrolls
 g - 3 scrolls of identify {unknown}
 j - a scroll of enchant weapon {unknown}
Potions
 b - a potion of magic
 d - 2 potions of mutation {unknown}
 e - a potion of brilliance {unknown}
 f - 2 potions of degeneration {unknown}
 i - a potion of might {unknown}
 k - 2 potions of ambrosia {unknown}
 l - 2 potions of resistance {unknown}
 m - a potion of heal wounds {unknown}
 n - a potion of lignification {unknown}


   Skills:
 - Level 1.7 Dodging
 - Level 1.7 Stealth
 + Level 4.1 Spellcasting
 + Level 6.1 Necromancy


You had 4 spell levels left.
You knew the following spells:

 Your Spells              Type           Power      Damage    Failure   Level
a - Pain                  Necr           100%       1d9       1%          1
b - Vampiric Draining     Necr           25%        2d7       3%          3
c - Animate Dead          Necr           12%        N/A       12%         4

Your spell library contained the following spells:

 Spells                   Type           Power      Damage    Failure   Level
 Animate Skeleton         Necr           50%        N/A       1%          1
 Shock                    Conj/Air       12%        1d3       14%         1
 Confusing Touch          Hex            3%         N/A       41%         3
 Summon Guardian Golem    Hex/Summ       3%         N/A       41%         3
 Swiftness                Air            3%         N/A       41%         3
 Airstrike                Air            1%         N/A       82%         4
 Cause Fear               Hex            1%         N/A       82%         4
 Agony                    Necr           25%        N/A       32%         5


Dungeon Overview and Level Annotations

Branches:
Dungeon (4/15)
 Temple: D:4-7

Altars:

Annotations:
D:3 3 runed translucent doors, RandomusNamus's ghost, amateur OpTm


Innate Abilities, Weirdness & Mutations

You have large cloven feet.
You are partially covered in rugged brown scales. (AC +1, +3% HP)
You are partially covered in sharp spines.


Message History

You see here a +0 robe.
A goblin comes into view. It is wielding a +0 dagger.
The goblin shouts!
The goblin writhes in agony.
You kill the goblin!
A gnoll comes into view. It is wielding a +0 whip.
A gnoll shaman comes into view. It is wielding a +0 club.
You hear the brisk rusting of a very distant drain.
The gnoll shouts!
The gnoll shaman shouts!
You hear a shout!
A gnoll comes into view. It is wielding a +0 flail.
The gnoll shouts!
You see here a +0 robe.
The gnoll shaman writhes in agony!
The gnoll shaman writhes in agony!
The gnoll shaman barely resists.
The gnoll shaman writhes in agony!
You kill the gnoll shaman!
Your Spellcasting skill increases to level 4!
Your Necromancy skill increases to level 6!
The gnoll writhes in agony.
The gnoll writhes in agony.
The gnoll hits you with a +0 whip.
The gnoll writhes in agony!
The gnoll is struck by your spines.
You kill the gnoll!
The gnoll writhes in agony.
The gnoll hits you with a +0 flail.
You are too injured to fight recklessly!
You are too injured to fight recklessly!
You are too injured to fight recklessly!
You are too injured to fight recklessly!
You hit the gnoll but do no damage. You kick the gnoll, but do no damage.
The gnoll is heavily wounded.
The gnoll hits you with a +0 flail!
* * * LOW HITPOINT WARNING * * *
Casting: Pain (safe; 1% risk of failure)
Confirm with . or Enter, or press ? or * to list all spells.
Aiming: Vampiric Draining (dangerous; 3% risk of failure)
Press: ? - help, Shift-Dir - straight line, f/p - gnoll
Aim: a gnoll, wielding a +0 flail (heavily wounded)
You draw life force from the gnoll!
You feel life coursing into your body. The gnoll hits you with a +0 flail!
You die...

##.......## ##.##.#
##.....## ####.#
##...## #.# ##+##
#.# #.# #.# #####.#
#.# ......## #.#
##...###########.#
#....[....)g@....#
####...#############
. #.......#
....##...##
..).....## #######g#
#.# #g# #.#


You could see a gnoll.

Vanquished Creatures
  A gnoll shaman (D:4)
  An orc wizard (D:4)
  Robin (D:2)
  4 adders
  A gnoll (D:4)
  A worm (D:4)
  12 orcs
  6 endoplasms
  5 giant cockroaches
  14 goblins
  9 hobgoblins
  9 ball pythons
  A bat (D:3)
  5 frilled lizards
  6 kobolds
  7 rats
83 creatures vanquished.

Notes
Turn   | Place    | Note
-------+----------+-------------------------------------------
     0 | D:1      | siradein the Demonspawn Necromancer began the quest for the
                  | Orb.
     0 | D:1      | Reached XP level 1. HP: 13/13 MP: 3/3
   376 | D:1      | Gained mutation: You are partially covered in sharp spines.
                  | [demonic ancestry]
   376 | D:1      | Reached XP level 2. HP: 16/19 MP: 0/5
  1070 | D:2      | Found a faded altar of an unknown god.
  1104 | D:2      | Got the Tome of Beguiling
  1169 | D:2      | Noticed Robin
  1187 | D:2      | Gained mutation: You have large cloven feet. [demonic
                  | ancestry]
  1187 | D:2      | Reached XP level 3. HP: 13/24 MP: 0/7
  1188 | D:2      | Reached skill level 5 in Necromancy
  1428 | D:2      | Killed Robin
  1439 | D:2      | Learned a level 3 spell: Vampiric Draining
  2326 | D:3      | Noticed RandomusNamus's ghost (amateur OpTm)
  2326 | D:3      | Found a runed translucent gate.
  2326 | D:3      | Found a runed translucent gate.
  2326 | D:3      | Found a runed translucent gate.
  2341 | D:3      | Identified the +8 mace "Glorpo" {vorpal, rCorr Int+6}
  2667 | D:3      | Reached XP level 4. HP: 29/30 MP: 6/8
  3438 | D:3      | Identified the +0 robe "Faesing" {rN+}
  3600 | D:3      | Learned a level 4 spell: Animate Dead
  3821 | D:4      | Gained mutation: You are partially covered in rugged brown
                  | scales. (AC +1, +3% HP) [demonic ancestry]
  3821 | D:4      | Reached XP level 5. HP: 15/36 MP: 1/10
  4004 | D:4      | Reached skill level 6 in Necromancy
  4009 | D:4      | Slain by a gnoll

Illustrated notes

Levels and vault maps discovered:
D:1:      lordsloth_arrival_two_stooges, layout_basic
D:2:      layout_loops_corners, ebering_ecumenical_altar_rust, uniq_robin
D:3:      layout_basic, serial_curves, eino_curves_04, eino_curves_01,
          eino_curves_03, eino_curves_04, biasface_ghost_orc_armoury
D:4:      layout_loops_corners, makhleb_heckhound_becter, portal_sewer_entry_e

Skill      XL: |  1  2  3  4  5 |
---------------+----------------+-----
Necromancy     | 5 6 |  6.1
Spellcasting   | 3 4 |  4.1
Dodging        | |  1.7
Stealth        | |  1.7

Action                   |  1- 3 |  4- 6 || total
-------------------------+-------+-------++-------
Melee: Unarmed           |     3 |       ||     3
       Short sword       |    36 |    20 ||    56
       Kick              |     7 |     4 ||    11
 Cast: Pain              |    49 |    54 ||   103
       Vampiric Draining |       |     1 ||     1
 Stab: Sleeping          |     2 |       ||     2
Armor: Robe              |     6 |     9 ||    15
Dodge: Dodged            |    29 |    11 ||    40

Table legend: (Time is in decaauts)
 A = Elapsed time spent in this place.
 B = Non-inter-level travel time spent in this place.
 C = Inter-level travel time spent in this place.
 D = Time resting spent in this place.
 E = Time spent auto-exploring this place.
 F = Levels seen in this place.
 G = Mean time per level.
                   A        B        C        D        E       F      G
               +--------+--------+--------+--------+--------+-----+--------+
         Total |   4009 |   3912 |     97 |    213 |   2966 |   4 | 1002.2 |
       Dungeon |   4009 |   3912 |     97 |    213 |   2966 |   4 | 1002.2 |
               +--------+--------+--------+--------+--------+-----+--------+

Top non-repeatable levels by time:
     D:3: 1304 daAuts
     D:1: 1298 daAuts
     D:2: 1030 daAuts
     D:4: 377 daAuts
